 Dungeon Crawl Stone Soup version 0.21.1-1-g345015f (webtiles) character file.

172 zishaf the Slasher (level 5, 0/41 HPs)
             Began as a Barachi Fighter on May 12, 2018.
             Slain by an orc priest (2 damage)
             ... on level 4 of the Dungeon.
             The game lasted 00:05:13 (2879 turns).

zishaf the Slasher (Barachi Fighter)                Turns: 2879, Time: 00:05:13

Health: 0/41       AC: 14    Str: 24    XL:     5   Next: 52%
Magic:  5/5        EV:  7    Int:  8    God:
Gold:   105        SH:  9    Dex: 11    Spells: 4/4 levels left

rFire    . . .     SeeInvis .   n - +3 long sword
rCold    . . .     Gourm    .   c - +0 shield
rNeg     . . .     Faith    .   b - +0 scale mail
rPois    .         Spirit   .   t - +0 helmet
rElec    .         Reflect  .   (no cloak)
rCorr    .         Harm     .   (no gloves)
MR       .....                  m - +0 pair of boots
Stlth    ..........             (no amulet)
HPRegen  0.13/turn              k - ring of flight (curse)
MPRegen  0.09/turn              q - +5 ring of protection

@: mighty, slow
A: +LOS, swims, slowness 1, strong legs 1
a: Hop, Evoke Flight


You were on level 4 of the Dungeon.
You were not hungry.

You visited 1 branch of the dungeon, and saw 4 of its levels.

You collected 105 gold pieces.

Inventory:

Hand Weapons
 a - a +0 long sword
 n - a +3 long sword (weapon)
Armour
 b - a +0 scale mail (worn)
 c - a +0 shield (worn)
 m - a +0 pair of boots (worn)
 t - a +0 helmet (worn)
Jewellery
 k - a cursed ring of flight (left hand)
 q - a +5 ring of protection (right hand)
Scrolls
 e - 3 scrolls of identify
 g - 2 scrolls of teleportation {unknown}
 h - a scroll of blinking {unknown}
 l - a scroll of noise {unknown}
 p - a scroll of magic mapping {unknown}
 v - a scroll of fear {unknown}
 y - a scroll of enchant armour {unknown}
Potions
 j - a potion of agility
 o - 2 potions of brilliance {unknown}
 s - a potion of degeneration {unknown}
 u - a potion of magic {unknown}
 x - a potion of heal wounds {unknown}
Books
 w - a book of Misfortune

   Spells                             Type                      Level
   a - Confusing Touch                Hexes                        1
   b - Confuse                        Hexes                        3
   c - Gell's Gravitas                Translocation                3
   d - Petrify                        Transmutation/Earth          4
   e - Metabolic Englaciation         Hexes/Ice                    5
   f - Yara's Violent Unravelling     Hexes/Transmutation          5
Comestibles
 f - a ration
 r - 6 chunks of flesh


   Skills:
 - Level 3.6 Fighting
 + Level 6.7 Long Blades
 - Level 3.6 Armour
 - Level 3.2 Shields


You had 4 spell levels left.
You didn't know any spells.

Dungeon Overview and Level Annotations

Branches:
Dungeon (4/15)
 Temple: D:4-7

Altars:
Yredelemnul


Innate Abilities, Weirdness & Mutations

Shadows flee at your approach. (+LOS)
You can swim through water.
You cover ground slowly.
You can hop short distances.


Message History

You block the orc priest's attack. The orc hits you with a mace.
* * * LOW HITPOINT WARNING * * *
The orc priest mumbles some strange prayers to Beogh against you.
Pain shoots through your body!
* * * LOW HITPOINT WARNING * * *
You slash the orc priest!
You kill the orc priest!
You block the orc's attack. The orc priest hits you.
* * * LOW HITPOINT WARNING * * *
You closely miss the orc priest. The orc barely misses you.
The orc priest hits you but does no damage.
You slash the orc priest!
The orc priest is severely wounded.
The orc priest miscasts a cantrip.
The orc barely misses you.
You riposte.
You slash the orc!
You kill the orc!
You closely miss the orc priest.
The orc priest is severely wounded.
The orc priest hits you.
You die...

+$.....+ #......#
#......### #......+.#
#......#.# #.......#
#.......# #.......#
#@)....## ..
###)o.(..##### ...
..............####...
##.....####........#.
...##.## #.........#
##.. #.. +.........#
#.. ... #.........#
#+ ##### +.........#
#..........


You could see an orc priest.

Vanquished Creatures
  An orc priest (D:4)
  Robin (D:3)
  3 adders
  3 worms (D:2)
  3 dart slugs
  4 leopard geckos
  8 orcs
  5 bats
  3 giant cockroaches (D:1)
  9 hobgoblins
  4 jackals
  4 kobolds
  2 quokkas
  2 frilled lizards
  16 goblins
  8 rats
76 creatures vanquished.

Notes
Turn   | Place    | Note
-------+----------+-------------------------------------------
     0 | D:1      | zishaf the Barachi Fighter began the quest for the Orb.
     0 | D:1      | Reached XP level 1. HP: 18/18 MP: 1/1
    51 | D:1      | Reached skill level 3 in Long Blades
   137 | D:1      | Reached XP level 2. HP: 20/24 MP: 2/2
   352 | D:1      | Reached skill level 4 in Long Blades
   394 | D:1      | Reached XP level 3. HP: 29/29 MP: 3/3
  1248 | D:2      | Reached skill level 5 in Long Blades
  1267 | D:2      | Found a faded altar of an unknown god.
  1272 | D:2      | Reached XP level 4. HP: 36/36 MP: 4/4
  1957 | D:3      | Noticed Robin
  1986 | D:3      | Killed Robin
  1986 | D:3      | Reached skill level 6 in Long Blades
  1986 | D:3      | Reached XP level 5. HP: 10/41 MP: 5/5
  2407 | D:3      | Found a basalt altar of Yredelemnul.
  2876 | D:4      | HP: 2/41 [orc priest (2)]
  2879 | D:4      | Slain by an orc priest

Skill      XL: |  1  2  3  4 |
---------------+-------------+-----
Long Blades    | 3 4 5 6 |  6.7
Fighting       | |  3.6
Armour         | |  3.6
Shields        | |  3.2

Action                   |  1- 3 |  4- 6 || total
-------------------------+-------+-------++-------
Melee: Long sword        |   106 |   129 ||   235
  Use: Scroll            |     3 |       ||     3
       Potion            |       |     3 ||     3
  Eat: Chunk             |     2 |     6 ||     8
Armor: Scale mail        |    46 |    71 ||   117
Dodge: Dodged            |    28 |    33 ||    61
Block: Shield            |    52 |    73 ||   125
       Rpst.: Long sword |     8 |     3 ||    11
